 Dungeon Crawl Stone Soup version 0.25.0-15-gac7dcb8919 (webtiles) character file.

Game seed: 12294593468568539210

21 Peloso the Shield-Bearer (level 2, 27/27 HPs)
             Began as a Minotaur Fighter on June 29, 2020.
             Got out of the dungeon alive.
             The game lasted 00:00:56 (525 turns).

Peloso the Shield-Bearer (Minotaur Fighter)          Turns: 525, Time: 00:00:56

Health: 27/27      AC:  7    Str: 22    XL:     2   Next: 65%
Magic:  1/1        EV:  7    Int:  5    God:
Gold:   59         SH:  9    Dex:  9    Spells: 1/1 levels left

rFire    + . .     SeeInvis .   a - +0 long sword
rCold    . . .     Gourm    .   c - +0 kite shield
rNeg     . . .     Faith    .   b - +0 scale mail
rPois    .         Spirit   .   (helmet restricted)
rElec    .         Reflect  .   (no cloak)
rCorr    .         Harm     .   (no gloves)
MR       .....                  (no boots)
Stlth    ..........             (no amulet)
HPRegen  0.09/turn              (no ring)
MPRegen  0.07/turn              (no ring)

@: no status effects
A: retaliatory headbutt, horns 2, blurry vision 1, fire resistance 1, strong 1
a: no special abilities


You escaped.
You were not hungry.

You visited 1 branch of the dungeon, and saw 1 of its levels.

You collected 59 gold pieces.

Inventory:

Hand Weapons
 a - a +0 long sword (weapon)
Armour
 b - a +0 scale mail (worn)
 c - a +0 kite shield (worn)
 e - a +0 cloak
Scrolls
 k - a scroll of remove curse {unknown}
Potions
 d - a potion of might
Comestibles
 f - 2 rations
 h - 5 chunks of flesh


   Skills:
 + Level 4.0 Fighting
 + Level 2.7 Long Blades
 + Level 3.9 Armour
 + Level 4.1 Shields


You had one spell level left.
You didn't know any spells.
Your spell library was empty.

Dungeon Overview and Level Annotations

Branches:
Dungeon (1/15)

Altars:


Innate Abilities, Weirdness & Mutations

You reflexively headbutt those who attack you in melee.
You have a pair of horns on your head.
Scrolls take you a little longer to read.
Your flesh is heat resistant. (rF+)
Your muscles are strong. (Str +2)


Message History

You fly up into the air.
It was a potion of stabbing.
You feel ready to backstab.
It was a potion of mutation.
You feel extremely strange.
Your vision blurs.
You feel resistant to heat.
You feel stronger.
(D) Dungeon
Where to? (? - help)
What level of the Dungeon? (default 1, ? - help)
You are starting to lose your buoyancy.
You see here 16 stones.
You float gracefully downwards.
You see here a dagger.
You feel less ready to backstab.
You open the door.
There is an open door here.
There is a staircase leading out of the dungeon here.
Are you sure you want to leave the Dungeon?
This will make you lose the game!
Alright, then stay!
Are you sure you want to leave the Dungeon?
This will make you lose the game!
You have escaped!

##...## ###.....#####
##...........#
#..#.....###.# #
####.####..## #.# .
#≈≈≈.≈≈≈#.## #.# ##.
+.≈≈≈≈≈.'.# #.#
#.###§.....≈#.# #.#
######...#≈≈.@.≈≈#.# #.#
#........#§..§..≈#######.#
##.####...'.≈§§§§§+.......#
#.........#§§§.§≈§######..#
#..######.####.####.####..#
#..# ##.###............#
#..# ##.#.#####.####.##
#.)## #..## #.# #.# #..>#
#.## #.# #.#


There were no monsters in sight!

Vanquished Creatures
  An ooze (D:1)
  A bat (D:1)
  A giant cockroach (D:1)
  2 hobgoblins (D:1)
  2 jackals (D:1)
  A frilled lizard (D:1)
  5 goblins (D:1)
  2 kobolds (D:1)
15 creatures vanquished.

Notes
Turn   | Place    | Note
-------+----------+-------------------------------------------
     0 | D:1      | Peloso the Minotaur Fighter began the quest for the Orb.
     0 | D:1      | Reached XP level 1. HP: 19/19 MP: 0/0
   225 | D:1      | Reached XP level 2. HP: 24/27 MP: 1/1
   452 | D:1      | Gained mutation: Scrolls take you a little longer to read.
                  | [potion of mutation]
   452 | D:1      | Gained mutation: Your flesh is heat resistant. (rF+)
                  | [potion of mutation]
   452 | D:1      | Gained mutation: Your muscles are strong. (Str +2) [potion
                  | of mutation]
   525 | D:$      | Got out of the dungeon alive.

Illustrated notes

Levels and vault maps discovered:
D:1:      ncdulo_lavacross, layout_loops_ring, minmay_tiny_reverse_x

Skill      XL: |  1  2 |
---------------+-------+-----
Shields        | 4 |  4.1
Fighting       | 4 |  4.0
Long Blades    | |  2.7
Armour         | |  3.9

Action                   || total
-------------------------++-------
Melee: Long sword        ||    42
       Headbutt          ||     5
  Use: Potion            ||     3
Armor: Scale mail        ||    17
Dodge: Dodged            ||     5
Block: Kite shield       ||    25
       Rpst.: Long sword ||     1
